 Dungeon Crawl Stone Soup version 0.29.1-1-gd02db6906a (webtiles) character file.

Game seed: 5279534902054334765

60 Icepheonix32 the Insei (level 4, -3/32 HPs)
             Began as a Merfolk Transmuter on Sept 20, 2022.
             Engulfed by a cloud of poison gas (5 damage)
             ... on level 2 of the Dungeon.
             The game lasted 00:01:55 (1710 turns).

Icepheonix32 the Insei (Merfolk Transmuter)         Turns: 1710, Time: 00:01:55

Health: -3/32      AC:  3    Str: 10    XL:     4   Next: 6%
Magic:  7/7        EV: 13    Int: 14    God:
Gold:   111        SH:  0    Dex: 14    Spells: 7/8 levels left

rFire   . . .      SeeInvis .     - Unarmed
rCold   . . .      Faith    .   (no shield)
rNeg    . . .      Spirit   .   a - +1 robe
rPois   .          Reflect  .   (no helmet)
rElec   .          Harm     .   (no cloak)
rCorr   .          Rampage  .   (no gloves)
Will    .....                   (no boots)
Stlth   ++........              (no amulet)
HPRegen 0.10/turn               (no ring)
MPRegen 0.10/turn               (no ring)

@: lethally poisoned (-3 -> -18), about to teleport
A: (nimble swimmer 2), mertail
a: no special abilities


You were on level 2 of the Dungeon.
You visited 1 branch of the dungeon, and saw 2 of its levels.

You collected 111 gold pieces.

Inventory:

Armour
 a - a +1 robe (worn)
Scrolls
 d - a scroll of magic mapping


   Skills:
 + Level 1.1 Fighting
 * Level 3.3 Dodging
 + Level 0.7 Stealth
 + Level 3.8 Unarmed Combat
 + Level 2.5 Spellcasting
 * Level 3.7 Transmutations


You had 7 spell levels left.
You knew the following spells:

 Your Spells              Type           Power      Damage    Failure   Level
a - Beastly Appendage     Tmut           24%        N/A       4%          1

Your spell library contained the following spells:

 Spells                   Type           Power      Damage    Failure   Level
 Wereblood                Tmut           12%        N/A       8%          2
 Spider Form              Tmut/Pois      7%         N/A       30%         3
 Ice Form                 Ice/Tmut       7%         N/A       71%         4


Dungeon Overview and Level Annotations

Branches:
Dungeon (2/15)

Altars:


Innate Abilities, Weirdness & Mutations

((You are very nimble when in or above water. (Stealth+, EV+, Speed+++)))
Your lower body shifts to a powerful aquatic tail in water.


Message History

The adder poisons you! The adder bites you.
It was a potion of cancellation.
Your magical effects are unravelling.
You feel magically purged.
Your horns disappear.
You feel sick. The adder bites you.
* * * LOW HITPOINT WARNING * * *
Unknown command.
It was a potion of magic.
Magic courses through your body.
You feel sick. The adder closely misses you.
Unknown command.
As you read the scroll labelled MULICU ZUCVUG, it crumbles to dust.
It is a scroll of identify.
d - a scroll of magic mapping You feel sick.
The adder misses you.
The air fills with toxic fumes!
As you read the scroll labelled VOV FOTOSSEIR, it crumbles to dust.
It was a scroll of poison.
You feel sick. The adder closely misses you. x2
Unknown command.
You hit the adder.
The adder is heavily wounded.
You feel sick.
You are no longer poisoned.
The adder barely misses you.
Unknown command.
As you read the scroll labelled SATOSEO NUOBLY, it crumbles to dust.
It is a scroll of enchant armour.
Your +0 robe glows green for a moment.
The adder closely misses you.
As you read the scroll labelled OSYIP ESAWN, it crumbles to dust.
You feel strangely unstable.
It was a scroll of teleportation.
The adder bites you.
* * * LOW HITPOINT WARNING * * *
Unknown command.
Blink to where?
Press: ? - help, Dir - move target Really blink into that cloud of poison gas?
As you read the scroll labelled NUSSITTO TULU, it crumbles to dust.
It was a scroll of blinking.
You are engulfed in poison gas.
You are lethally poisoned!
You die...

##§.## #..........##.#
##§...## #.###########.#
##§§P♣.§###.## #........
#§§...§§§....####.#####.#
#§§..§§§..........# #.#
#++
#§#.§§#####..##########.#
###§§J#§#§§## #..# #....#
§§§§§KS§§§§§#####..#
#.####
§§§§§w#§#§§§§§@....# #.#
####§ #§#.§######..# #.#
# §§§..# #..# #.# ##§#.##
#..# #.# #§#.#
#..#######.# #§§..
........<).# ###.#
############


There were no monsters in sight!

Vanquished Creatures
  Terence (D:2)
  An adder (D:2)
  A bat (D:1)
  2 endoplasms (D:1)
  2 giant cockroaches (D:1)
  3 goblins
  2 hobgoblins (D:1)
  3 jackals (D:2)
  A quokka (D:1)
  A ball python (D:1)
  2 kobolds (D:1)
  6 rats (D:1)
25 creatures vanquished.

Notes
Turn   | Place    | Note
-------+----------+-------------------------------------------
     0 | D:1      | Icepheonix32 the Merfolk Transmuter began the quest for the
                  | Orb.
     0 | D:1      | Reached XP level 1. HP: 15/15 MP: 3/3
   364 | D:1      | Reached XP level 2. HP: 17/21 MP: 3/5
  1490 | D:2      | Noticed Terence
  1506 | D:2      | Reached XP level 3. HP: 15/26 MP: 6/6
  1514 | D:2      | Killed Terence
  1697 | D:2      | Reached XP level 4. HP: 23/32 MP: 5/7
  1710 | D:2      | Engulfed by a cloud of poison gas

Illustrated notes

Levels and vault maps discovered:
D:1:      eino_arrival_cavern_e, layout_loops_corners
D:2:      layout_loops_ring, serial_park_tiny_1, nrook_mini_backslash,
          kennysheep_cross_bottleneck, st_stairs_12, minmay_tetromino_l2,
          uniq_terence, uniq_jessica

Skill      XL: |  1  2 |
---------------+-------+-----
Transmutations | 3 |  3.7
Dodging        | 3 |  3.3
Fighting       | |  1.1
Stealth        | |  0.7
Unarmed Combat | |  3.8
Spellcasting   | |  2.5

Action                   |  1- 3 |  4- 6 || total
-------------------------+-------+-------++-------
Melee: Unarmed           |    93 |     7 ||   100
       Headbutt          |     7 |     1 ||     8
       Punch             |     1 |       ||     1
 Cast: Beastly Appendage |    17 |       ||    17
  Use: Potion            |     1 |     2 ||     3
       Scroll            |       |     5 ||     5
 Stab: Sleeping          |     2 |       ||     2
Armor: Robe              |    20 |       ||    20
       Skin              |     6 |       ||     6
Dodge: Dodged            |    64 |     8 ||    72
